 Dungeon Crawl Stone Soup version 0.17.0-28-g6e173f8 (webtiles) character file.

785 Clownie the Cudgeler (level 7, -5/57 HPs)
             Began as a Ghoul Fighter on Nov 26, 2015.
             Was a Believer of Makhleb.
             Slain by Edmund
             ... wielding a +0 dire flail
              (9 damage)
             ... on level 4 of the Dungeon.
             The game lasted 00:05:49 (3469 turns).

Clownie the Cudgeler (Ghoul Fighter)                Turns: 3469, Time: 00:05:49

Health: -5/57      AC: 11    Str: 27    XL:     7   Next: 86%
Magic:  6/6        EV:  7    Int:  3    God:    Makhleb [**....]
Gold:   223        SH:  0    Dex:  8    Spells: 0 memorised, 6 levels left

rFire  . . .     SeeInvis .     a - +0 flail
rCold  + . .     Clarity  .     n - +0 plate armour
rNeg   + + +     SustAt   .     (no shield)
rPois  ∞         Gourm    .     (no helmet)
rElec  .         Spirit   .     (no cloak)
rCorr  .         Warding  .     (no gloves)
rMut   .         Stasis   .     (no boots)
MR     .....                    (no amulet)
Stlth  ..........               (no ring)
                                (no ring)

@: mighty, rotting, not resistant to hostile enchantments, extremely unstealthy
A: rotting body, claws 1, carnivore 3, cold resistance 1, negative energy
resistance 3, slow regeneration 1, torment resistance, unbreathing
a: Minor Destruction, Renounce Religion


You were on level 4 of the Dungeon.
You worshipped Makhleb.
Makhleb was pleased with you.
You were not hungry.

You visited 1 branch of the dungeon, and saw 4 of its levels.

You collected 223 gold pieces.

Inventory:

Hand Weapons
 a - a +0 flail (weapon)
Armour
 c - a +0 shield
 n - a +0 plate armour (worn)
Wands
 q - a wand of teleportation (2)
Scrolls
 b - 2 scrolls of immolation {unknown}
 g - a scroll of enchant armour {unknown}
 h - 2 scrolls of teleportation {unknown}
 i - 3 scrolls of remove curse {unknown}
 j - 9 scrolls of identify {unknown}
 k - a scroll of fog {unknown}
 m - 4 scrolls of enchant weapon {unknown}
 p - 2 scrolls of recharging {unknown}
 r - a scroll of amnesia {unknown}
Potions
 d - 2 potions of might
 f - 3 potions of flight {unknown}
 l - a potion of curing {unknown}
 o - a potion of beneficial mutation {unknown}
Comestibles
 e - 3 meat rations
 s - 2 chunks of flesh


   Skills:
 - Level 3.2 Fighting
 - Level 6.3 Maces & Flails
 - Level 2.6 Armour
 + Level 5.5 Shields


You had 6 spell levels left.
You didn't know any spells.

Dungeon Overview and Level Annotations

Branches:
Dungeon (4/15)
 Temple: D:4-7

Altars:
Dithmenos
Makhleb
Nemelex Xobeh
Trog
Vehumet
Xom

Annotations:
D:4 Edmund


Innate Abilities, Weirdness & Mutations

Your body is rotting away.
You thrive on raw meat.
You are immune to poison.
You have sharp fingernails.
You are carnivorous and can eat meat at any time.
Your flesh is cold resistant.
You are immune to negative energy.
You regenerate slowly when monsters are visible.
You are immune to unholy pain and torment.
You can survive without breathing.


Message History

You are too injured to fight recklessly!
You are too injured to fight recklessly!
You are too injured to fight recklessly!
Drink which item? (? for menu, Esc to quit)
You feel very mighty all of a sudden. Edmund barely misses you.
You thump Edmund!
Edmund is almost dead.
Edmund hits you with a dire flail.
* * * LOW HITPOINT WARNING * * *
You completely miss Edmund.
Edmund is almost dead.
Your plate armour prevents you from hitting Edmund.
Edmund is almost dead.
Edmund hits you with a dire flail!
* * * LOW HITPOINT WARNING * * *
You closely miss Edmund.
Edmund is almost dead.
Edmund hits you with a dire flail!
You die...

#....#..........
#....#...#######
#....##..#
#....##..#####
########>....#
#####.# #.#
##########.#
......@@...#
############


You could see Edmund.

Vanquished Creatures
  Sigmund (D:2)
  An ogre (D:4)
  A phantom (D:4)
  A centaur (D:4)
  Blork the orc (D:4)
  A crimson imp (D:3)
  Terence (D:3)
  A worker ant (D:4)
  An iguana (D:4)
  Robin (D:4)
  3 gnolls (D:3)
  9 adders
  2 oozes (D:1)
  An adder skeleton (D:4)
  4 giant geckos
  An orc (D:4)
  A ball python (D:3)
  7 bats
  2 giant cockroaches
  13 hobgoblins
  3 jackals (D:3)
  A ball python skeleton (D:4)
  2 giant newts
  14 goblins
  A jackal skeleton (D:4)
  11 kobolds
  8 rats
93 creatures vanquished.

Notes
Turn   | Place    | Note
--------------------------------------------------------------
     0 | D:1      | Clownie the Ghoul Fighter began the quest for the Orb.
     0 | D:1      | Reached XP level 1. HP: 19/19 MP: 0/0
   102 | D:1      | Reached XP level 2. HP: 21/26 MP: 1/1
   518 | D:1      | Reached XP level 3. HP: 24/29 MP: 2/2
  1021 | D:2      | Found a shimmering altar of Xom.
  1021 | D:2      | Found a shadowy altar of Dithmenos.
  1371 | D:2      | Reached XP level 4. HP: 37/37 MP: 3/3
  1374 | D:2      | Noticed Sigmund
  1390 | D:2      | Killed Sigmund
  1390 | D:2      | Reached skill level 5 in Maces & Flails
  1390 | D:2      | Reached XP level 5. HP: 10/44 MP: 4/4
  1663 | D:2      | Found a radiant altar of Vehumet.
  1663 | D:2      | Found a burning altar of Makhleb.
  1735 | D:2      | Became a worshipper of Makhleb the Destroyer
  1824 | D:3      | Noticed Terence
  1835 | D:3      | Killed Terence
  1835 | D:3      | Reached XP level 6. HP: 48/50 MP: 5/5
  2185 | D:3      | Reached skill level 6 in Maces & Flails
  2220 | D:3      | Reached * piety under Makhleb
  2628 | D:4      | Reached XP level 7. HP: 39/57 MP: 6/6
  2716 | D:4      | Got a brightly glowing leather armour
  2727 | D:4      | Identified the +1 leather armour "Gutisoky" {rElec rC+ Str+3} (You found it on level 4 of the Dungeon)
  2857 | D:4      | Found a sparkling altar of Nemelex Xobeh.
  2974 | D:4      | Noticed Robin
  2978 | D:4      | Reached skill level 5 in Shields
  2979 | D:4      | Reached ** piety under Makhleb
  3018 | D:4      | Killed Robin
  3115 | D:4      | Found a bloodstained altar of Trog.
  3322 | D:4      | Noticed Blork the orc
  3338 | D:4      | Killed Blork the orc
  3446 | D:4      | Noticed Edmund
  3469 | D:4      | Slain by Edmund

Action                   |  1- 3 |  4- 6 |  7- 9 || total
-------------------------+-------+-------+-------++-------
Melee: Flail             |   118 |   129 |   142 ||   389
  Use: Potion            |       |     1 |     2 ||     3
  Eat: Chunk             |     5 |    12 |     8 ||    25
